 Dungeon Crawl Stone Soup version 0.30-b1-2-g02819fbbbe (webtiles) character file.

Game seed: 4679491141500206011

129 LLlMATKO the Chopper (level 4, -4/61 HPs)
             Began as a Minotaur Berserker on May 29, 2023.
             Was a Believer of Trog.
             Slain by a gnoll
             ... wielding a +0 club
             ... led by a gnoll sergeant
              (5 damage)
             ... on level 4 of the Dungeon.
             The game lasted 00:01:50 (2183 turns).

LLlMATKO the Chopper (Minotaur Berserker)           Turns: 2183, Time: 00:01:51

Health: -4/61      AC:  8    Str: 23    XL:     4   Next: 88%
Magic:  3/3        EV: 11    Int:  4    God:    Trog [**....]
Gold:   174        SH:  0    Dex: 10    Spells: 3/3 levels left

rFire   . . .        a - +0 hand axe
rCold   . . .        (no shield)
rNeg    . . .        v - +0 scale mail
rPois   .            (helmet restricted)
rElec   .            (no cloak)
rCorr   .            u - +0 pair of gloves
SInv    .            (no boots)
Will    .....        (no amulet) Stlth
                     (no ring)
HPRegen 0.30/turn    (no ring)
MPRegen 0.08/turn

%: no passive effects
@: berserking, very quick
A: horns 2, retaliatory headbutt
a: Renounce Religion, Berserk, Trog's Hand


You were on level 4 of the Dungeon.
You worshipped Trog.
Trog was pleased with you.
You visited 1 branch of the dungeon, and saw 4 of its levels.

You collected 174 gold pieces.

Inventory:

Hand Weapons
 a - a +0 hand axe (weapon)
Missiles
 k - 4 javelins (quivered)
 t - 3 boomerangs
Armour
 u - a +0 pair of gloves (worn)
 v - a +0 scale mail (worn)
Scrolls
 b - a scroll of acquirement {unknown}
 d - a scroll of vulnerability {unknown}
 f - 2 scrolls of torment {unknown}
 h - 3 scrolls of teleportation {unknown}
 i - 7 scrolls of identify {unknown}
 l - 2 scrolls of enchant armour {unknown}
 m - 2 scrolls of blinking {unknown}
 p - a scroll of fear {unknown}
 s - a scroll of fog {unknown}
Potions
 c - a potion of resistance {unknown}
 e - 2 potions of mutation {unknown}
 g - 2 potions of ambrosia {unknown}
 j - a potion of brilliance {unknown}
 n - a potion of attraction {unknown}
 o - a potion of degeneration {unknown}
 r - a potion of lignification {unknown}


   Skills:
 + Level 4.6 Fighting
 + Level 4.6 Axes
 + Level 3.7 Armour
 + Level 3.3 Dodging


You had 3 spell levels left.
You didn't know any spells.
Your spell library was empty.

Dungeon Overview and Level Annotations

Branches:
Dungeon (4/15)
 Temple: D:4-7

Altars:


Innate Abilities, Weirdness & Mutations

You have a pair of horns on your head.
You reflexively headbutt those who attack you in melee.


Message History

You struggle against the net.
The gnoll barely misses you. The gnoll closely misses you.
The gnoll sergeant hits you from afar with a +0 heavy trident.
You rip the net and break free!
The gnoll hits you but does no damage.
A red film seems to cover your vision as you go berserk!
You feel yourself moving faster!
You feel mighty! The gnoll hits you with a +0 whip.
The gnoll hits you from afar with a +0 spear.
The gnoll sergeant hits you from afar with a +0 heavy trident!
* * * LOW HITPOINT WARNING * * *
You feel a strong urge to attack something.
The gnoll hits you with a +0 whip.
* * * LOW HITPOINT WARNING * * *
The gnoll hits you but does no damage.
The gnoll sergeant hits you with a +0 heavy trident!
* * * LOW HITPOINT WARNING * * *
You hit the gnoll sergeant. The gnoll sergeant blocks your attack.
The gnoll sergeant is heavily wounded.
You slash the gnoll!
You kill the gnoll!
Trog accepts your kill.
You hit the gnoll. The gnoll barely misses you.
Unknown command.
The gnoll sergeant blocks your attack.
The gnoll sergeant is heavily wounded.
You slash the gnoll! You hit the gnoll.
Unknown command.
You slash the gnoll sergeant!
The gnoll sergeant is almost dead.
You hit the gnoll. x2
You feel the power of Trog in you as your rage grows.
You kill the gnoll!
Trog accepts your kill. The gnoll closely misses you.
The gnoll sergeant hits you with a +0 heavy trident.
* * * LOW HITPOINT WARNING * * *
You closely miss the gnoll sergeant.
The gnoll sergeant is almost dead.
You completely miss the gnoll. The gnoll hits you with a +0 club.
You die...

#....+...†.......
#....#...[.......
#....#...........
##....#...........
#...###...........
###.....#######+##
#.....# #.)...#
#@....# #gg...#
#..)..# .....##
......# ......#
..(.(.# .......#


You could see a gnoll sergeant and a gnoll.

Vanquished Creatures
  3 adders (D:2)
  2 gnolls (D:4)
  3 worms
  2 dart slugs
  2 orcs (D:3)
  5 endoplasms
  A giant cockroach (D:1)
  8 goblins
  9 hobgoblins
  2 jackals (D:1)
  5 kobolds
  7 ball pythons
  6 bats
  3 frilled lizards
  7 rats
65 creatures vanquished.

Notes
Turn   | Place    | Note
-------+----------+-------------------------------------------
     0 | D:1      | LLlMATKO the Minotaur Berserker began the quest for the
                  | Orb.
     0 | D:1      | Reached XP level 1. HP: 19/19 MP: 0/0
   165 | D:1      | Reached XP level 2. HP: 27/27 MP: 1/1
   516 | D:1      | Reached XP level 3. HP: 26/33 MP: 2/2
   672 | D:2      | Reached ** piety under Trog
   816 | D:2      | Reached XP level 4. HP: 39/40 MP: 3/3
  1085 | D:2      | Found a faded altar of an unknown god.
  2169 | D:4      | Noticed a gnoll sergeant
  2182 | D:4      | HP: 1/61 [gnoll sergeant/+0 heavy trident (4)]
  2183 | D:4      | Slain by a gnoll

Illustrated notes

Levels and vault maps discovered:
D:1:      wander_arrival_peaceful_grave, layout_basic, hangedman_glass_teeth
D:2:      layout_basic, hellmonk_ecumenical_altar_inner_sanctum,
          kennysheep_generic_room_5
D:3:      layout_basic, hex_large
D:4:      layout_gridville, serial_shops, nicolae_shop_real_fake_doors

Skill      XL: |  1  2  3 |
---------------+----------+-----
Fighting       | 4 |  4.6
Axes           | 4 |  4.6
Armour         | 3 |  3.7
Dodging        | 3 |  3.3

Action                     |  1- 3 |  4- 6 || total
---------------------------+-------+-------++-------
  Melee: Hand axe          |    54 |    56 ||   110
         Headbutt          |     8 |     3 ||    11
         Punch             |     1 |       ||     1
  Throw: Javelin           |       |     5 ||     5
 Invoke: Berserk           |     1 |     1 ||     2
   Stab: Sleeping          |     1 |       ||     1
 Armour: Animal skin       |     3 |     2 ||     5
         Ring mail         |       |    16 ||    16
         Scale mail        |       |     5 ||     5
  Dodge: Dodged            |    37 |    33 ||    70
